 Dungeon Crawl Stone Soup version 0.26-a0-652-gafc20e3620 (webtiles) character file.

Game seed: 13309728417154667463

93 DoubleLucky the Caller (level 4, -2/26 HPs)
             Began as a Tengu Summoner on Oct 3, 2020.
             Killed from afar by an orc wizard (5 damage)
             ... with a magic dart
             ... on level 3 of the Dungeon.
             The game lasted 00:08:31 (3098 turns).

DoubleLucky the Caller (Tengu Summoner)             Turns: 3098, Time: 00:08:32

Health: -2/26      AC:  3    Str:  8    XL:     4   Next: 62%
Magic:  5/9        EV: 12    Int: 17    God:
Gold:   130        SH:  8    Dex: 14    Spells: 5/8 levels left

rFire    . . .     SeeInvis .   o - +0 spear
rCold    . . .     Faith    .   v - +0 buckler
rNeg     . . .     Spirit   .   a - +0 robe
rPois    .         Reflect  +   (helmet restricted)
rElec    .         Harm     .   m - +0 cloak (curse)
rCorr    .         Rampage  .   (no gloves)
MR       .....                  (boots unavailable)
Stlth    ++........             h - amulet of reflection
HPRegen  0.08/turn              (no ring)
MPRegen  0.11/turn              (no ring)

@: no status effects
A: beak, talons 3
a: no special abilities


You were on level 3 of the Dungeon.
You visited 1 branch of the dungeon, and saw 3 of its levels.

You collected 130 gold pieces.

Inventory:

Hand Weapons
 n - a +0 club
 o - a +0 spear (weapon)
Missiles
 b - 111 stones
 p - 11 poisoned darts (quivered)
Armour
 a - a +0 robe (worn)
 m - a cursed +0 cloak (worn)
 v - a +0 buckler (worn)
Jewellery
 h - an amulet of reflection (around neck)
Scrolls
 c - a scroll of remove curse {unknown}
 e - a scroll of fear {unknown}
 j - 3 scrolls of fog {unknown}
 k - 2 scrolls of identify {unknown}
 l - 2 scrolls of amnesia {unknown}
 q - a scroll of teleportation {unknown}
 r - a scroll of noise {unknown}
Potions
 d - a potion of mutation {unknown}
 f - 2 potions of cancellation {unknown}
 g - 2 potions of curing {unknown}
 i - a potion of magic {unknown}
 s - 2 potions of lignification {unknown}
 t - a potion of heal wounds {unknown}
 u - a potion of haste {unknown}


   Skills:
 + Level 1.8 Fighting
 + Level 1.4 Polearms
 - Level 2.2 Dodging
 - Level 2.0 Stealth
 + Level 0.5 Shields
 + Level 2.7 Spellcasting
 + Level 5.5 Summonings


You had 5 spell levels left.
You knew the following spells:

 Your Spells              Type           Power        Failure   Level
a - Summon Small Mammal   Summ           ###.         3%          1
b - Call Imp              Summ           ###.....     4%          2

Your spell library contained the following spells:

 Spells                   Type           Power        Failure   Level
 Call Canine Familiar     Summ           ###.....     9%          3
 Summon Guardian Golem    Hex/Summ       ##......     26%         3
 Summon Ice Beast         Ice/Summ       ##......     65%         4
 Summon Lightning Spire   Summ/Air       ##......     65%         4


Dungeon Overview and Level Annotations

Branches:
Dungeon (3/15)

Altars:
Wu Jian
The Shining One

Annotations:
D:3 exclusion: sky beast


Innate Abilities, Weirdness & Mutations

You have a beak for a mouth.
You have claws for feet.


Message History

Your iron imp hits the sky beast!
The sky beast flickers out of sight!
Deactivating autopickup; reactivate with Ctrl-A.
Your crimson imp blinks!
The orc wizard points at you and mumbles some strange words.
The magic dart hits you.
* * * LOW HITPOINT WARNING * * *
Your crimson imp misses the orc wizard.
The orc wizard gestures at you while chanting.
The magic dart hits you.
* * * LOW HITPOINT WARNING * * *
Your iron imp disappears in a puff of smoke!
Your crimson imp hits the orc wizard but does no damage.
A sky beast appears from thin air!
Reactivating autopickup.
You block the orc wizard's attack.
Your crimson imp closely misses the orc wizard.
The sky beast hits your crimson imp. The sky beast shocks your crimson imp.
The orc wizard points at you and mumbles some strange words.
The magic dart hits you.
You die...

.##..###....5......
..#..###.####.#..#.
#..........# ....#
.#......#.# #..#
#..#..Y#.# (<# #
##.#.#5#.# .# #.
....#.#.. # .#
#.###o### .### #.#
#@# ..#..##.###.#
............#
....##.##### # #)#
#.# #.# .. .#.Y #.#
. ###. #.# . .#.


You could see a sky beast, an orc wizard (fast) and a friendly crimson imp
(summoned).

Vanquished Creatures
  2 adders
  An orc (D:3)
  A goblin (D:1)
  4 hobgoblins
  2 frilled lizards
  4 kobolds
  2 rats
16 creatures vanquished.

Vanquished Creatures (collateral kills)
  An orc wizard (D:3)
  3 adders
  An ooze (D:2)
  5 worms
  2 dart slugs
  An orc (D:3)
  2 bats
  2 giant cockroaches
  3 kobolds
  4 frilled lizards
  3 goblins
  6 rats
33 creatures vanquished.

Vanquished Creatures (others)
  A plant (D:1)
1 creature vanquished.

Grand Total: 50 creatures vanquished

Notes
Turn   | Place    | Note
-------+----------+-------------------------------------------
     0 | D:1      | DoubleLucky the Tengu Summoner began the quest for the Orb.
     0 | D:1      | Reached XP level 1. HP: 10/10 MP: 4/4
   445 | D:1      | Reached XP level 2. HP: 16/16 MP: 3/6
   508 | D:1      | Reached skill level 5 in Summonings
   557 | D:1      | Learned a level 2 spell: Call Imp
  1251 | D:2      | Reached skill level 1 in Fighting
  1385 | D:2      | Reached XP level 3. HP: 20/20 MP: 4/7
  2413 | D:2      | Reached skill level 1 in Polearms
  2450 | D:2      | Found a glowing golden altar of the Shining One.
  2535 | D:2      | Found an ornate altar of the Wu Jian Council.
  2559 | D:2      | Reached XP level 4. HP: 25/25 MP: 4/8
  2913 | D:3      | Noticed a sky beast
  3098 | D:3      | Killed from afar by an orc wizard

Illustrated notes

Levels and vault maps discovered:
D:1:      dpeg_arrival_pond, layout_loops_ring, serial_bayou_pond_e,
          corexii_corridor_pit
D:2:      layout_loops_corners, marbit_many_paths,
          nicolae_tso_swordbearing_angel
D:3:      layout_basic, serial_glass, glass_columns_c, glass_columns_b,
          minmay_strange_pillars, due_unseen_surprise, minmay_strange_pillars,
          minmay_strange_pillars, small_statue_intersection

Skill      XL: |  1  2  3 |
---------------+----------+-----
Summonings     | 5 |  5.5
Fighting       | 1 |  1.8
Polearms       | 1 |  1.4
Dodging        | |  2.2
Stealth        | |  2.0
Shields        | |  0.5
Spellcasting   | |  2.7

Action                   |  1- 3 |  4- 6 || total
-------------------------+-------+-------++-------
Melee: Unarmed           |    13 |       ||    13
       Peck              |     3 |       ||     3
       Spear             |    33 |    35 ||    68
       Club              |     2 |       ||     2
       Kick              |     5 |     3 ||     8
Throw: Dart              |     1 |       ||     1
 Cast: Summon Small Mamm |    88 |    24 ||   112
       Call Imp          |     1 |     3 ||     4
 Stab: Sleeping          |     2 |       ||     2
       Distracted        |       |     1 ||     1
Armor: Robe              |     1 |     2 ||     3
Dodge: Dodged            |    17 |     5 ||    22
Block: Other             |     6 |       ||     6
       Buckler           |       |     9 ||     9
       Reflection        |       |     1 ||     1

Table legend: (Time is in decaauts)
 A = Elapsed time spent in this place.
 B = Non-inter-level travel time spent in this place.
 C = Inter-level travel time spent in this place.
 D = Time resting spent in this place.
 E = Time spent auto-exploring this place.
 F = Levels seen in this place.
 G = Mean time per level.
                   A        B        C        D        E       F      G
               +--------+--------+--------+--------+--------+-----+--------+
         Total |   3104 |   3029 |     75 |     16 |   2368 |   3 | 1034.7 |
       Dungeon |   3104 |   3029 |     75 |     16 |   2368 |   3 | 1034.7 |
               +--------+--------+--------+--------+--------+-----+--------+

Top non-repeatable levels by time:
     D:2: 1593 daAuts
     D:1: 1184 daAuts
     D:3: 327 daAuts
